 Dungeon Crawl Stone Soup version 0.28-a0-297-g99b01970c5 (webtiles) character file.

Game seed: 10983718776202925001

30726 PentaManta the Basher (level 13, 0/82 HPs)
             Began as a Gargoyle Monk on Aug 29, 2021.
             Was the Champion of Okawaru.
             Hit by a javelin thrown by a minotaur (20 damage)
             ... in a Gauntlet.
             The game lasted 00:55:34 (19225 turns).

PentaManta the Basher (Gargoyle Monk)              Turns: 19225, Time: 00:55:35

Health: 0/82       AC: 35    Str: 25    XL:     13   Next: 53%
Magic:  4/4        EV:  9    Int: 11    God:    Okawaru [******]
Gold:   1317       SH: 12    Dex: 12    Spells: 12/12 levels left

rFire   + + .      SeeInvis .   O - +9 mace of Havoc {antimagic, Contam +Rage rCorr Str+5}
rCold   . . .      Faith    +   Z - +1 kite shield
rNeg    + . .      Spirit   .   m - +0 chain mail {rF+}
rPois   ∞          Reflect  .   r - +2 helmet
rElec   +          Harm     .   N - +0 cloak
rCorr   +          Rampage  .   s - +0 pair of gloves
Will    .....      NoTele   +   t - +2 pair of boots {Fly}
Stlth   ..........              E - amulet of faith
HPRegen 0.23/turn               H - +4 ring of protection
MPRegen 0.09/turn               x - ring of protection from fire

@: flying, studying Polearms
A: sickness immunity, AC +9, negative energy resistance 1, electricity
resistance, torment resistance 1, petrification resistance
a: Renounce Religion, Evoke Berserk Rage, Heroism, Finesse, Duel


You were in a Gauntlet.
You worshipped Okawaru.
Okawaru was exalted by your worship.
You visited 3 branches of the dungeon, and saw 15 of its levels.
You also visited: Bailey, Gauntlet and Volcano.

You collected 1317 gold pieces.

Inventory:

Hand Weapons
 g - a +0 dagger of venom
 I - a +3 double sword
 O - the +9 mace of Havoc (weapon) {antimagic, Contam +Rage rCorr Str+5}
   (You found it on level 7 of the Dungeon)

   It reduces the magical energy of the wielder, and disrupts the spells and
   magical abilities of those it strikes.
   Natural abilities and divine invocations are not affected.
   Str:       It affects your strength (+5).
   +Rage:     It lets you go berserk.
   Contam:    It causes magical contamination when unequipped.
   rCorr:     It protects you from acid and corrosion.
 Y - a +1 morningstar of protection
Missiles
 b - 11 throwing nets
 h - 121 poisoned darts (quivered)
 w - 70 boomerangs
 T - 10 javelins
Armour
 i - a scarf of resistance
 m - a +0 chain mail of fire resistance (worn)
 r - a +2 helmet (worn)
 s - a +0 pair of gloves (worn)
 t - a +2 pair of boots of flying (worn)
 B - a +0 tower shield of protection
 J - a +0 plate armour
 N - a +0 cloak (worn)
 Z - a +1 kite shield (worn)
Jewellery
 d - a ring of protection from cold
 p - the ring of Rioffuot {Will+ Str+3 Dex+3 SInv}
   (You found it in a Gauntlet)

   [ring of see invisible]

   Str:       It affects your strength (+3).
   Dex:       It affects your dexterity (+3).
   SInv:      It lets you see invisible.
   Will:      It increases your willpower.
 u - an amulet of guardian spirit
 x - a ring of protection from fire (right hand)
 D - a ring of ice
 E - an amulet of faith (around neck)
 H - a +4 ring of protection (left hand)
 V - a ring of fire
Wands
 a - a wand of iceblast (6)
 k - a wand of digging (14)
 v - a wand of flame (48)
 y - a wand of acid (8)
 R - a wand of polymorph (6)
Scrolls
 e - a scroll of fear
 l - a scroll of enchant weapon
 o - 4 scrolls of teleportation
 A - a scroll of identify
 K - 3 scrolls of blinking
 Q - 4 scrolls of amnesia
 S - a scroll of silence
 U - a scroll of holy word
 X - a scroll of enchant armour
Potions
 c - a potion of ambrosia
 f - 2 potions of brilliance
 j - 10 potions of curing
 n - 2 potions of mutation
 q - 3 potions of magic {unknown}
 z - a potion of invisibility
 C - 2 potions of heal wounds
 F - a potion of lignification
 G - 3 potions of attraction
 L - a potion of might
 M - 3 potions of cancellation
 P - 3 potions of haste
Miscellaneous
 W - a phantom mirror


   Skills:
 + Level 10.1 Fighting
 - Level 14.2 Maces & Flails
 + Level 11.7 Armour
 - Level 2.4 Dodging
 - Level 2.1 Stealth
 * Level 11.7 Shields


You had 12 spell levels left.
You didn't know any spells.
Your spell library contained the following spells:

 Spells                   Type           Power      Damage    Failure   Level
 Blink                    Tloc           N/A        N/A       98%         2
 Static Discharge         Conj/Air       0%         N/A       98%         2
 Conjure Flame            Conj/Fire      0%         6-21      100%        3
 Ignite Poison            Fire/Tmut/Pois 0%         N/A       100%        3
 Mephitic Cloud           Conj/Pois/Air  0%         N/A       100%        3
 Petrify                  Tmut/Erth      0%         N/A       100%        4
 Sticky Flame             Conj/Fire      0%         2d3       100%        4
 Bolt of Magma            Conj/Fire/Erth 0%         4d4       100%        5
 Lightning Bolt           Conj/Air       0%         1d11      100%        5
 Manifold Assault         Tloc           0%         N/A       100%        5
 Metabolic Englaciation   Hex/Ice        0%         N/A       100%        5
 Storm Form               Tmut/Air       0%         N/A       100%        7
 Maxwell's Capacitive Co  Air            0%         ∞         100%        8
 Animate Dead             Necr           Unusable   N/A       N/A         4
 Statue Form              Tmut/Erth      Unusable   N/A       N/A         6
 Haunt                    Necr/Summ      Unusable   N/A       N/A         7
 Infestation              Necr           Unusable   N/A       N/A         8

Dungeon Overview and Level Annotations

Branches:
Dungeon (10/15)            Temple (1/1) D:5            Lair (4/6) D:10
  Swamp (0/4) Lair:2          Orc (0/2) D:9          Bailey (visited)
Volcano (visited)         Gauntlet (1/1)
  Snake: Lair:2-4    Spider: Lair:2-4

Altars:
Ashenzari
Cheibriados
Dithmenos
Elyvilon
Fedhas
Gozag
Hepliaklqana
Kikubaaqudgha
Makhleb
Nemelex Xobeh
Okawaru
Qazlal
Ru
Sif Muna
Trog
Uskayaw
Vehumet
Wu Jian
Xom
Yredelemnul
Zin
The Shining One

Shops:
D:2 (   D:10 ?

Annotations:
D:10 2 transporters, exclusion: ice statue, jeb's ghost, journeyman TrBe Gauntlet 8 transporters, 3 runed translucent doors


Innate Abilities, Weirdness & Mutations

You are immune to sickness and miasma.
Your stone body is resilient. (AC +9)
You are immune to poison.
You resist negative energy. (rN+)
You are resistant to electric shocks. (rElec)
You are resistant to unholy torment.
You are immune to petrification.


Message History

Aim: a minotaur, wielding a +0 bardiche, wearing the +6 ring mail of Agihut {Drain rC- rN+ Dex+7}, wearing an amulet of faith and quivering javelins (70% to hit)
You throw a poisoned dart. The poisoned dart hits the minotaur.
The minotaur is poisoned.
Throw: 122 darts (poison)
Press: ? - help, Q - select action, (/) - cycle Shift-Dir - straight line, f/p - minotaur
Aim: a minotaur, wielding a +0 bardiche, wearing the +6 ring mail of Agihut {Drain rC- rN+ Dex+7}, wearing an amulet of faith and quivering javelins (lightly wounded, poisoned, 70% to hit)
You throw a poisoned dart. The poisoned dart hits the minotaur.
The minotaur is lightly wounded.
Press: ? - help, v - describe, . - travel
Here: a minotaur, wielding a +0 bardiche, wearing the +6 ring mail of Agihut {Drain rC- rN+ Dex+7}, wearing an amulet of faith and quivering javelins (lightly wounded, poisoned)
The floor.
Unknown command.
The minotaur hits you with a +0 bardiche!!
You block the minotaur's attack.
You thump the minotaur!
The minotaur is moderately wounded.
You block the minotaur's attack.
The minotaur gores you but does no damage.
You thump the minotaur!
The minotaur is moderately wounded.
You hit the minotaur.
The minotaur is moderately wounded.
The minotaur hits you with a +0 bardiche!!
The minotaur gores you.
You hit the minotaur.
The minotaur is moderately wounded.
The minotaur hits you but does no damage.
The minotaur gores you but does no damage.
The minotaur hits you from afar with a +0 bardiche!
* * * LOW HITPOINT WARNING * * *
The minotaur looks more healthy.
The minotaur throws a javelin.
The javelin pierces through you but does no damage.
Okay, then.
Aiming: Corrosive Bolt
Press: ? - help, Shift-Dir - straight line, f/p - minotaur
Aim: a minotaur, wielding a +0 bardiche, wearing the +6 ring mail of Agihut {Drain rC- rN+ Dex+7}, wearing an amulet of faith and quivering javelins (moderately wounded, 79% to hit)
The bolt of acid misses the minotaur.
Unknown command.
The minotaur throws a javelin.
The javelin pierces through you!!
You die...

#≈..#.#.#.#.#.#.###.###.#.###...
##..#.|[©.$.#.#.=)©.###.#yy.©[?.
#≈..#########.#########.########
##§.............................
#§§.............8.∩.8.....§.....
###≈#≈#≈#≈#≈#############§#≈#≈#≈
############.........#########
##...©.©.©...## #...@..H......#
#.#.#######.#.# #.#.. #....#.# #
#. #.##(#.# .. .. .(. #. ## ..#
#. #..# .. #... #.8#


You could see a minotaur.

Vanquished Creatures
  A fire dragon (Volcano)
  2 hydras (D:10)
  A hell hog (Gauntlet)
  A two-headed ogre (D:10)
  A skeletal warrior (D:9)
  The ghost of Gilette the Magician, a novice GnEE of Elyvilon (D:6)
  A deep elf pyromancer (D:10)
  A lindwurm (Volcano)
  The ghost of stripedtigrrr the Envoy of Void, a novice OpAK of Lugonu (D:7)
  10 elephants
  A black mamba (Lair:1)
  Joseph (D:7)
  An eye of devastation (Gauntlet)
  2 molten gargoyles (Volcano)
  4 cane toads
  3 komodo dragons
  A polar bear (Lair:1)
  Grinder (D:3)
  3 trolls
  5 blink frogs (Lair:2)
  Prince Ribbit (D:7)
  2 vampires (D:10)
  Sigmund (D:2)
  28 yaks
  A wraith (D:10)
  5 wyverns
  9 fire bats
  A neqoxec (Gauntlet)
  A vampire mosquito (D:10)
  Eustachio (D:5)
  A steam dragon (Volcano)
  A chaos spawn (Gauntlet)
  An acid dragon (D:9)
  2 wargs (D:10)
  4 water moccasins
  3 hell hounds
  A floating eye (Gauntlet)
  2 black bears
  A sky beast (D:8)
  A hornet zombie (D:3)
  2 necrophages (D:6)
  10 orc warriors
  2 ogres
  5 wolves
  3 phantoms
  2 centaurs
  2 kobold brigands
  7 bullfrogs
  7 gnoll sergeants
  3 scorpions
  A water moccasin skeleton (D:6)
  17 killer bees
  6 wights
  3 electric eels
  5 howler monkeys
  7 lava snakes (Volcano)
  3 centaur zombies
  5 quasits (D:7)
  6 hounds
  3 jellies
  5 orc priests
  A centaur skeleton (D:4)
  6 gnoll shamans
  Crazy Yiuf (D:7)
  Jessica (D:2)
  Natasha (D:3)
  2 iguanas
  7 orc wizards
  A hound skeleton (D:4)
  3 howler monkey zombies
  Robin (D:3)
  52 gnolls
  3 adders
  A white imp (D:8)
  An ufetubus (D:6)
  An adder skeleton (D:4)
  2 worms (D:3)
  A dart slug (D:4)
  28 orcs
  4 bats
  3 endoplasms
  A giant cockroach (D:1)
  15 goblins
  16 hobgoblins
  5 jackals
  5 quokkas
  5 ball pythons
  3 frilled lizards
  45 kobolds
  2 rats
430 creatures vanquished.

Vanquished Creatures (others)
  A jelly (D:5)
  5 fungi
  44 plants
  4 withered plants (Gauntlet)
54 creatures vanquished.

Grand Total: 484 creatures vanquished

Notes
Turn   | Place    | Note
-------+----------+-------------------------------------------
     0 | D:1      | PentaManta the Gargoyle Monk began the quest for the Orb.
     0 | D:1      | Reached XP level 1. HP: 14/14 MP: 1/1
   367 | D:1      | Reached XP level 2. HP: 17/19 MP: 2/2
   723 | D:1      | Found a faded altar of an unknown god.
  1005 | D:1      | You fall into a shaft and drop 1 floor!
  1093 | D:2      | Reached skill level 4 in Maces & Flails
  1289 | D:2      | Found Oxagijio's Weapon Shop.
  1349 | D:2      | Noticed Sigmund
  1466 | D:2      | Killed Sigmund
  1467 | D:2      | Reached skill level 6 in Maces & Flails
  1467 | D:2      | Reached XP level 3. HP: 18/23 MP: 3/3
  1467 | D:2      | Reached XP level 4. HP: 22/28 MP: 4/4
  1467 | D:2      | Reached XP level 5. HP: 25/32 MP: 5/5
  1537 | D:2      | Noticed Jessica
  1543 | D:2      | Killed Jessica
  2051 | D:3      | Reached XP level 6. HP: 31/37 MP: 6/6
  2122 | D:3      | Noticed Robin
  2161 | D:3      | Reached skill level 7 in Maces & Flails
  2436 | D:3      | Killed Robin
  2598 | D:3      | Noticed Natasha
  2606 | D:3      | Killed Natasha
  2817 | D:3      | Noticed Grinder
  2876 | D:4      | Reached XP level 7. HP: 11/41 MP: 7/7
  2895 | D:3      | Paralysed by Grinder for 4 turns
  2903 | D:3      | HP: 2/41 [Grinder (2)]
  2904 | D:3      | Killed Grinder
  2905 | D:3      | Reached skill level 8 in Maces & Flails
  3881 | D:4      | Reached skill level 9 in Maces & Flails
  4099 | D:4      | Reached XP level 8. HP: 42/46 MP: 8/8
  4765 | D:5      | Entered Level 5 of the Dungeon
  4811 | D:5      | Reached skill level 10 in Maces & Flails
  4874 | D:5      | Reached skill level 1 in Shields
  5076 | D:5      | Noticed Eustachio
  5090 | D:5      | Killed Eustachio
  5212 | D:5      | Found a basalt altar of Yredelemnul.
  5241 | D:5      | Found a staircase to the Ecumenical Temple.
  5726 | D:6      | Noticed a troll
  5765 | Temple   | Entered the Ecumenical Temple
  6028 | Temple   | Became a worshipper of Warmaster Okawaru
  6028 | Temple   | Reached * piety under Okawaru
  6028 | Temple   | Reached ** piety under Okawaru
  6144 | D:6      | Reached XP level 9. HP: 26/51 MP: 9/9
  6314 | D:6      | Identified the +4 ring mail of Repulsion {Str+5 Dex-4}
  6331 | D:6      | Found a transporter.
  6336 | D:6      | Found a transporter.
  6368 | D:6      | Reached skill level 11 in Maces & Flails
  7072 | D:6      | Reached skill level 12 in Maces & Flails
  7411 | D:6      | Killed a troll
  7503 | D:6      | Reached *** piety under Okawaru
  7804 | D:6      | Noticed Gilette's ghost (novice GnEE)
  8408 | D:5      | Reached skill level 13 in Maces & Flails
  8419 | D:5      | Reached XP level 10. HP: 42/56 MP: 10/10
  8617 | D:5      | Reached skill level 1 in Armour
  8802 | D:7      | Noticed stripedtigrrr's ghost (novice OpAK)
  8812 | D:7      | Found a transporter.
  8823 | D:7      | Noticed Joseph
  8851 | D:7      | Killed Joseph
  8851 | D:7      | Reached **** piety under Okawaru
  8927 | D:7      | Found a transporter.
  9186 | D:7      | Noticed Prince Ribbit
  9221 | D:7      | Killed Prince Ribbit
  9638 | D:7      | Found a runed translucent door.
  9643 | D:7      | Noticed Crazy Yiuf
  9654 | D:7      | Killed Crazy Yiuf
  9658 | D:7      | Identified the +9 mace of Havoc {antimagic, Contam +Rage
                  | rCorr Str+5}
 10132 | D:8      | Reached skill level 5 in Shields
 10439 | D:8      | Reached ***** piety under Okawaru
 10703 | D:8      | Received a gift from Okawaru
 10704 | D:8      | Reached skill level 5 in Armour
 10804 | D:8      | Reached skill level 5 in Fighting
 11362 | D:9      | Reached XP level 11. HP: 62/64 MP: 3/11
 11413 | D:9      | Found a flagged portal.
 11447 | Bailey   | Entered a bailey
 11936 | D:9      | Found a staircase to the Orcish Mines.
 12040 | D:9      | Received a gift from Okawaru
 12419 | D:10     | Entered Level 10 of the Dungeon
 12441 | D:10     | Found a transporter.
 12626 | D:10     | Found Kasuda's Magic Scroll Shoppe.
 12777 | D:10     | Noticed a deep elf pyromancer
 12791 | D:10     | Killed a deep elf pyromancer
 12791 | D:10     | Identified the +6 triple crossbow of the Dripping Coward
                  | {venom, rPois rN++ Stlth-} (Okawaru gifted it to you on
                  | level 10 of the Dungeon)
 12791 | D:10     | Received a gift from Okawaru
 12844 | D:10     | Noticed a skeletal warrior
 12880 | D:9      | Killed a skeletal warrior
 13153 | D:10     | Noticed a cyclops
 13156 | D:10     | Noticed a boulder beetle
 13173 | D:10     | Found a staircase to the Lair.
 13483 | D:10     | Noticed an eight-headed hydra
 13493 | D:10     | Killed an eight-headed hydra
 13493 | D:10     | Received a gift from Okawaru
 13537 | D:10     | Noticed a two-headed ogre
 13549 | D:10     | Killed a two-headed ogre
 13550 | D:10     | Reached skill level 14 in Maces & Flails
 13875 | D:10     | Noticed jeb's ghost (journeyman TrBe)
 13891 | D:10     | Found a transporter.
 14235 | D:6      | Killed Gilette's ghost
 14236 | D:6      | Reached XP level 12. HP: 35/72 MP: 4/12
 14642 | D:7      | Killed stripedtigrrr's ghost
 14775 | Lair:1   | Entered Level 1 of the Lair of Beasts
 15025 | Lair:1   | Identified the +8 dagger of Quick Death {holy, rElec rN+
                  | Str+3}
 15085 | Lair:1   | Received a gift from Okawaru
 15265 | Lair:1   | Noticed a seven-headed hydra
 15459 | D:10     | Killed a seven-headed hydra
 15460 | D:10     | Reached skill level 10 in Armour
 16632 | Lair:2   | Reached ****** piety under Okawaru
 16644 | Lair:2   | Identified the +4 longbow of the Pyrrhic Victory {venom,
                  | rCorr Int+4 Dex+4} (Okawaru gifted it to you on level 2 of
                  | the Lair of Beasts)
 16644 | Lair:2   | Received a gift from Okawaru
 16661 | Lair:2   | Reached skill level 10 in Shields
 16914 | Lair:2   | Reached XP level 13. HP: 52/80 MP: 4/13
 17079 | Lair:2   | Found a staircase to the Swamp.
 17847 | Lair:3   | Found a dark tunnel.
 17863 | Volcano  | Entered a volcano
 17912 | Volcano  | Identified the +8 trident of Plague {vorpal, rC+ Int+4
                  | Dex+4} (Okawaru gifted it to you in a volcano)
 17912 | Volcano  | Received a gift from Okawaru
 18252 | Volcano  | Found a bloodstained altar of Trog.
 18423 | Volcano  | Noticed a fire dragon
 18440 | Volcano  | Killed a fire dragon
 18780 | Lair:4   | Found a gate leading to a gauntlet.
 18792 | Gauntlet | Entered a Gauntlet
 18792 | Gauntlet | Found a transporter.
 18792 | Gauntlet | Found a transporter.
 18792 | Gauntlet | Found a runed translucent gate.
 18796 | Gauntlet | Found a runed translucent gate.
 18797 | Gauntlet | Found a runed translucent gate.
 18805 | Gauntlet | Found a transporter.
 18823 | Gauntlet | Found a transporter.
 18823 | Gauntlet | Found a transporter.
 18826 | Gauntlet | Found a transporter.
 18826 | Gauntlet | Found a transporter.
 18826 | Gauntlet | Found a transporter.
 18838 | Gauntlet | Found a transporter.
 18856 | Gauntlet | Found a transporter.
 18858 | Gauntlet | Noticed a minotaur
 18866 | Gauntlet | Found a transporter.
 18881 | Gauntlet | Found a transporter.
 18901 | Gauntlet | Found a transporter.
 18918 | Gauntlet | Found a transporter.
 19044 | Gauntlet | Reached skill level 10 in Fighting
 19106 | Gauntlet | Received a gift from Okawaru
 19117 | Gauntlet | Received a gift from Okawaru
 19131 | Gauntlet | Identified the ring of Rioffuot {Will+ Str+3 Dex+3 SInv}
 19182 | Gauntlet | Identified the +6 ring mail of Agihut {Drain rC- rN+ Dex+7}
 19225 | Gauntlet | Hit by a javelin thrown by a minotaur

Illustrated notes

Levels and vault maps discovered:
D:1:      ncdulo_watergridlock, layout_loops_corners, basic_ecumenical_altar,
          nrook_loot_triangle
D:2:      layout_loops_cross, serial_shops, shop, uniq_sigmund, uniq_jessica
D:3:      layout_loops_ring, uniq_natasha, uniq_grinder, uniq_robin
D:4:      layout_gridville
D:5:      kennysheep_kobold_camp, layout_rooms, yredelemnul_altar_generic,
          minmay_temple_entry_enclosed_plants, uniq_eustachio
D:6:      layout_cave_pools, gammafunk_ghost_gnarly_gnolls, serial_gnoll_camp,
          gnoll_camp_medium_01, gnoll_camp_mini_hut, gnoll_camp_mini_basic,
          gnoll_camp_mini_loothouse, gnoll_camp_medium_02, gnoll_camp_mini_hut,
          fountainhead, minivault_11
D:7:      layout_rooms, gammafunk_ghost_stat_death, supply_closet_lemuel,
          grunt_ministairs_11, lightli_minifort, uniq_joseph,
          uniq_prince_ribbit1, uniq_crazy_yiuf_cottage
D:8:      layout_loops_ring, grunt_decor_fettered, wad_rectangle_vault
D:9:      layout_roguey, orc_0_dummy, enter_bailey_7
D:10:     minmay_ornate_pinched, layout_gridville, erik_lair_orcish_takeover,
          nzn_ghost_randoct, kennysheep_small_square
Temple:   nicolae_temple_the_god_donut
Lair:1:   layout_gridlike
Lair:2:   layout_regular_city, swamp_mist, columned_hall_lemuel,
          chequers_serial_rivers_micro_b
Lair:3:   layout_cave_pods, spider_nest_entry_rubble,
          nicolae_volcano_entry_hallway, uniq_snorg
Lair:4:   nzn_winding_woodlands_stair_trap [nzn_winding_woodlands_5x15_sawtooth,
          nzn_winding_woodlands_5x15_pathside_ponds,
          nzn_winding_woodlands_5x15_crooked,
          nzn_winding_woodlands_15x15_five_gardens,
          nzn_winding_woodlands_5x15_jagged, nzn_winding_woodlands_5x15_default,
          nzn_winding_woodlands_5x15_concentric], layout_small_grid,
          gauntlet_entry_generic
Gauntlet: gammafunk_gauntlet_mixed_choke_point
          [minmay_gauntlet_arena_77_run_for_it, minmay_gauntlet_arena_77_braids,
          minmay_gauntlet_arena_77_fan, gammafunk_gauntlet_arena_split_diamond,
          minmay_gauntlet_arena_77_museum, minmay_gauntlet_arena_77_p_blocks,
          minmay_gauntlet_arena_77_block_sizes,
          nicolae_gauntlet_exit_dead_adventurers]

Skill      XL: |  1  2  3  4  5  6  7  8  9 10 11 12 13 |
---------------+----------------------------------------+-----
Maces & Flails | 6 7 9 10 13 14 | 14.2
Shields        | 4 5 7 10 11 | 11.7
Armour         | 6 9 10 11 | 11.7
Fighting       | 5 7 9 10 | 10.1
Dodging        | |  2.4
Stealth        | |  2.1

Action                   |  1- 3 |  4- 6 |  7- 9 | 10-12 | 13-15 || total
-------------------------+-------+-------+-------+-------+-------++-------
Melee: Mace              |    67 |    95 |       |   790 |   256 ||  1208
       Flail             |       |    22 |   557 |   138 |       ||   717
Throw: Dart              |       |     2 |    12 |       |     2 ||    16
       Boomerang         |       |       |       |     1 |       ||     1
Invok: Heroism           |       |       |     1 |     4 |     1 ||     6
 Abil: Evoke Berserk Rag |       |       |       |     2 |       ||     2
Evoke: Wand              |     4 |     1 |     2 |     6 |     2 ||    15
  Use: Potion            |     1 |       |       |     5 |       ||     6
       Scroll            |       |       |    13 |     9 |     2 ||    24
 Stab: Paralysed         |     6 |     3 |     2 |     4 |       ||    15
       Sleeping          |     2 |       |       |       |       ||     2
Armor: Robe              |     7 |       |       |       |       ||     7
       Ring mail         |    18 |    53 |   395 |   613 |    79 ||  1158
       Chain mail        |       |       |       |       |    50 ||    50
Dodge: Dodged            |    64 |    77 |   389 |   522 |    74 ||  1126
Block: Buckler           |       |       |    26 |   200 |       ||   226
       Kite shield       |       |       |       |   133 |   145 ||   278

Table legend: (Time is in decaauts)
 A = Elapsed time spent in this place.
 B = Non-inter-level travel time spent in this place.
 C = Inter-level travel time spent in this place.
 D = Time resting spent in this place.
 E = Time spent auto-exploring this place.
 F = Levels seen in this place.
 G = Mean time per level.
                   A        B        C        D        E       F      G
               +--------+--------+--------+--------+--------+-----+--------+
         Total |  18866 |  18014 |    852 |   3634 |   9568 |  18 | 1048.1 |
       Dungeon |  14262 |  13490 |    772 |   3033 |   7399 |  10 | 1426.2 |
        Temple |    280 |    264 |     16 |      0 |    215 |   1 |  280.0 |
          Lair |   2693 |   2629 |     64 |    103 |   1824 |   4 |  673.2 |
        Bailey |    416 |    416 |      0 |    149 |      0 |   1 |  416.0 |
       Volcano |    790 |    790 |      0 |    289 |      0 |   1 |  790.0 |
      Gauntlet |    422 |    422 |      0 |     60 |    130 |   1 |  422.0 |
               +--------+--------+--------+--------+--------+-----+--------+

Top non-repeatable levels by time:
     D:6: 2238 daAuts
    D:10: 2007 daAuts
     D:5: 1778 daAuts
     D:3: 1549 daAuts
     D:7: 1371 daAuts
     D:8: 1319 daAuts
  Lair:2: 1309 daAuts
     D:1: 1244 daAuts
     D:4: 1201 daAuts
  Lair:1: 1117 daAuts
 Volcano: 790 daAuts
     D:2: 789 daAuts
     D:9: 762 daAuts
Gauntlet: 422 daAuts
  Bailey: 416 daAuts
